 Dungeon Crawl Stone Soup version 0.24.0-13-gcf9b3192b9 (webtiles) character file.

Game seed: 12444138267335907693, levelgen mode: deterministic

60 Inarius the Ducker (level 3, -1/22 HPs)
             Began as a Deep Elf Abyssal Knight on Nov 7, 2019.
             Was a Follower of Lugonu.
             Slain by Terence
             ... wielding a +0 flail
              (8 damage)
             ... on level 2 of the Dungeon.
             The game lasted 00:02:09 (1578 turns).

Inarius the Ducker (Deep Elf Abyssal Knight)        Turns: 1578, Time: 00:02:10

Health: -1/22      AC:  3    Str:  9    XL:     3   Next: 80%
Magic:  6/6        EV: 18    Int: 16    God:    Lugonu [*.....]
Gold:   98         SH:  0    Dex: 20    Spells: 2/2 levels left

rFire    . . .     SeeInvis .   a - +1 falchion
rCold    . . .     Gourm    .   (no shield)
rNeg     . . .     Faith    .   b - +0 leather armour
rPois    .         Spirit   .   (no helmet)
rElec    .         Reflect  .   (no cloak)
rCorr    .         Harm     .   (no gloves)
MR       .....                  (no boots)
Stlth    +++.......             (no amulet)
HPRegen  0.07/turn              (no ring)
MPRegen  0.10/turn              (no ring)

@: agile
A: no striking features
a: Depart the Abyss, Renounce Religion


You were on level 2 of the Dungeon.
You worshipped Lugonu.
Lugonu was aware of your devotion.
You were not hungry.

You visited 1 branch of the dungeon, and saw 2 of its levels.
You visited the Abyss 1 time.

You collected 98 gold pieces.

Inventory:

Hand Weapons
 a - a +1 falchion (weapon)
Armour
 b - a +0 leather armour (worn)
Scrolls
 d - a scroll of fog {unknown}
 e - a scroll of blinking {unknown}
 f - 2 scrolls of identify {unknown}
 h - 2 scrolls of magic mapping {unknown}
 i - a scroll of random uselessness {unknown}
Potions
 g - a potion of ambrosia {unknown}
 k - a potion of agility
Comestibles
 c - 4 rations
 j - a chunk of flesh


   Skills:
 + Level 2.7 Fighting
 * Level 2.8 Long Blades
 + Level 1.1 Armour
 + Level 3.0 Dodging
 * Level 1.2 Stealth
 - Level 2.0 Invocations


You had 2 spell levels left.
You didn't know any spells.
Your spell library was empty.

Dungeon Overview and Level Annotations

Branches:
Dungeon (2/15)

Altars:

Annotations:
D:2 Terence


Message History

You closely miss Terence. Terence hits you with a +0 flail.
You hit Terence but do no damage. Terence closely misses you.
You hit Terence.
Terence is lightly wounded.
Terence closely misses you.
You closely miss Terence.
Terence is lightly wounded.
Terence hits you with a +0 flail.
* * * LOW HITPOINT WARNING * * *
You are too injured to fight recklessly!
You hit Terence but do no damage.
Terence is lightly wounded.
Terence hits you but does no damage.
You hit Terence.
Terence is heavily wounded.
Terence barely misses you.
You hit Terence.
Terence is heavily wounded.
Terence hits you with a +0 flail!
You die...

......## #.....#
#.##..#### #
#........# .
######..#####.# .
#....#..#####.#
.###.#.#.......#.#
..##.#...<#....#@#
.....##.#......#@#
#.###.....#.#.##.#
#..#....#.#.#....#
#..#.>......######
.........####
####.##..#
.#.#..#..#
..#..##..#
#.###.#..#


You could see Terence.

Vanquished Creatures
  2 adders (D:2)
  A dart slug (D:1)
  A leopard gecko (D:1)
  A ball python (D:1)
  A giant cockroach (D:1)
  6 goblins
  3 hobgoblins (D:1)
  7 jackals (D:1)
  2 kobolds (D:1)
  5 bats (D:1)
  2 frilled lizards (D:2)
  5 rats
36 creatures vanquished.

Notes
Turn   | Place    | Note
-------+----------+-------------------------------------------
     0 | Abyss:1  | Inarius the Deep Elf Abyssal Knight began the quest for the
                  | Orb.
     0 | Abyss:1  | Reached XP level 1. HP: 13/13 MP: 4/4
    33 | Abyss:1  | Noticed an ancient zyme
    35 | Abyss:1  | Noticed an apocalypse crab
    37 | D:1      | Escaped the Abyss
   277 | D:1      | Reached * piety under Lugonu
   325 | D:1      | Reached XP level 2. HP: 18/18 MP: 5/5
   984 | D:1      | Reached XP level 3. HP: 22/22 MP: 6/6
  1189 | D:2      | Reached skill level 1 in Armour
  1189 | D:2      | Reached skill level 1 in Stealth
  1495 | D:2      | Reached skill level 3 in Dodging
  1547 | D:2      | Noticed Terence
  1578 | D:2      | Slain by Terence

Levels and vault maps discovered:
D:1:      dpeg_arrival_snail, layout_rooms, hangedman_glass_teeth
D:2:      minmay_chambers_of_twos, layout_basic, marbit_many_paths,
          first_ration, minmay_tree_intersection, minmay_octomino_e4,
          uniq_terence, uniq_jessica

Skill      XL: |  1  2  3 |
---------------+----------+-----
Long Blades    | 2 |  2.8
Armour         | 1 |  1.1
Stealth        | 1 |  1.2
Dodging        | 3 |  3.0
Fighting       | |  2.7
Invocations    | |  2.0

Action                   || total
-------------------------++-------
Melee: Falchion          ||   118
Invok: Depart the Abyss  ||     1
  Use: Potion            ||     3
 Stab: Distracted        ||     1
  Eat: Chunk             ||     2
Armor: Leather armour    ||    44
Dodge: Dodged            ||   109
       Rpst.: Falchion   ||    35
